MLB
TEXAS RANGERS @ NEW YORK YANKEES
08/29/2098
 
TOP OF THE 1ST
Texas Rangers batting - Pitching for New York Yankees : RHP Dave Linkous
Pitching: RHP Dave Linkous
Batting: SHB Luis Chavez 0-0: Called Strike
0-1: Foul Ball, location: 7LSF
0-2: SINGLE (Line Drive, 7S, EV 107.5 MPH)
Batting: RHB Chris Patrick 0-0: Fly out, F8 (Line Drive, 8LM, EV 98.8 MPH)
Lined into DP, 8-3 (Line Drive, 8LM, EV 98.8 MPH)
Batting: LHB Simeone DeVito 0-0: Ball
1-0: Foul Ball, location: 3SF
1-1: Hit by Pitch
Batting: RHB Kevin Hock 0-0: Called Strike
0-1: Called Strike
0-2: Foul Ball, location: 7LMF
0-2: Ball
1-2: Foul Ball, location: 9LMF
1-2: Foul Ball, location: 23FF
1-2: DOUBLE (Flyball, 89D, EV 106.9 MPH)
Simeone DeVito to third
Runner from 3rd tries for Home, SAFE, throw by RF to trailing runner, SAFE at third!
Batting: LHB Tyler Petry 0-0: Ball
1-0: Called Strike
1-1: Called Strike
1-2: Ball
2-2: Strikes out swinging
Top of the 1st over - 1 run, 2 hits, 0 errors, 1 left on base; Texas 1 - New York 0
BOTTOM OF THE 1ST
New York Yankees batting - Pitching for Texas Rangers : RHP Danny Bagwell
Pitching: RHP Danny Bagwell
Batting: LHB John Blair 0-0: Called Strike
0-1: Foul Ball, location: 2F
0-2: Foul Ball, location: 2F
0-2: Ball
1-2: Ball
2-2: Ground out 4-3 (Groundball, 34, EV 80.0 MPH)
Batting: SHB Seth Hardenbrook 0-0: Ball
1-0: Foul Ball, location: 7LDF
1-1: Called Strike
1-2: Ball
2-2: Ball
3-2: Foul Ball, location: 2F
3-2: Base on Balls
Batting: RHB Brandon Thomas 0-0: Called Strike
0-1: Fly out, F9 (Flyball, 9D, EV 108.8 MPH)
Batting: LHB Bill Hayden 0-0: Ball
1-0: SINGLE (Line Drive, 78S, EV 107.5 MPH)
Seth Hardenbrook to second
Batting: LHB Ryan McCullough 0-0: Called Strike
0-1: Ball
1-1: Ball
2-1: Swinging Strike
2-2: Strikes out looking
Bottom of the 1st over - 0 runs, 1 hit, 0 errors, 2 left on base; Texas 1 - New York 0
TOP OF THE 2ND
Texas Rangers batting - Pitching for New York Yankees : RHP Dave Linkous
Batting: RHB Ryan Adkins 0-0: SINGLE (Groundball, 4, EV 75.6 MPH)
Batting: RHB Josh Mehl 0-0: Called Strike
0-1: Called Strike
0-2: Ball
1-2: Foul Ball, location: 9LMF
1-2: Ball
2-2: Foul Ball, location: 3F
2-2: Foul Ball, location: 7LSFF
2-2: SINGLE (Flyball, 3D, EV 88.8 MPH)
Ryan Adkins to second
Ryan Adkins to third
Batting: RHB Chris Daly 0-0: Called Strike
0-1: Ball
1-1: Swinging Strike
1-2: Strikes out swinging
Batting: LHB Scott Spencer 0-0: Ball
1-0: SINGLE (Groundball, 6MD, EV 101.3 MPH)
Ryan Adkins scores
Josh Mehl to second
Batting: SHB Luis Chavez 0-0: SINGLE (Line Drive, 8RM, EV 94.4 MPH)
Josh Mehl to third
Scott Spencer to second
Batting: RHB Chris Patrick 0-0: Called Strike
0-1: Ball
1-1: Swinging Strike
1-2: Ball
2-2: Foul Ball, location: 3FF
2-2: Ball
3-2: Strikes out swinging
Batting: LHB Simeone DeVito 0-0: Ball
1-0: GRAND SLAM HOME RUN (Flyball, 7D, EV 96.3 MPH), Distance : 377 ft
Batting: RHB Kevin Hock 0-0: Foul Ball, location: 9LMF
0-1: Foul Ball, location: 2F
0-2: Ball
1-2: Strikes out swinging
Top of the 2nd over - 5 runs, 5 hits, 0 errors, 0 left on base; Texas 6 - New York 0
BOTTOM OF THE 2ND
New York Yankees batting - Pitching for Texas Rangers : RHP Danny Bagwell
Batting: RHB Cedric Tracy 0-0: Ball
1-0: Ball
2-0: Foul Ball, location: 7LMF
2-1: Ball
3-1: Foul Ball, location: 2F
3-2: Strikes out swinging
Batting: RHB Carlos Jeronimo 0-0: Ball
1-0: SINGLE (Groundball, 56D, EV 103.8 MPH) (infield hit)
Batting: RHB Aaron Comeaux 0-0: Ball
1-0: Ball
2-0: Swinging Strike
2-1: Fielders Choice at 2nd, 5-4 (Groundball, 5, EV 86.3 MPH)
Batting: RHB Robby Junker 0-0: Called Strike
0-1: Fly out, F9 (Flyball, 9D, EV 110.6 MPH)
Bottom of the 2nd over - 0 runs, 1 hit, 0 errors, 1 left on base; Texas 6 - New York 0
TOP OF THE 3RD
Texas Rangers batting - Pitching for New York Yankees : RHP Dave Linkous
Batting: LHB Tyler Petry 0-0: Ball
1-0: Called Strike
1-1: Swinging Strike
1-2: Ball
2-2: SINGLE (Line Drive, 8LS, EV 110.0 MPH)
Batting: RHB Ryan Adkins 0-0: Called Strike
0-1: Called Strike
0-2: Ball
1-2: Fly out, F8 (Flyball, 8LD, EV 93.8 MPH)
Pitching: RHP Curt Browning
Batting: RHB Josh Mehl 0-0: Ball
1-0: Foul Ball, location: 2F
1-1: Fly out, F8 (Flyball, 8RD, EV 103.1 MPH)
Batting: RHB Chris Daly 0-0: Ball
1-0: Called Strike
1-1: Ball
2-1: Swinging Strike
2-2: Foul Ball, location: 2F
2-2: Fielders Choice at 2nd, 6-4 (Groundball, 6, EV 91.9 MPH)
Top of the 3rd over - 0 runs, 1 hit, 0 errors, 1 left on base; Texas 6 - New York 0
BOTTOM OF THE 3RD
New York Yankees batting - Pitching for Texas Rangers : RHP Danny Bagwell
Batting: LHB John Blair 0-0: Ground out 5-3 (Groundball, 5, EV 91.3 MPH)
Batting: SHB Seth Hardenbrook 0-0: Swinging Strike
0-1: DOUBLE (Line Drive, 7LM, EV 95.0 MPH)
Batting: RHB Brandon Thomas 0-0: Called Strike
0-1: Ball
1-1: Called Strike
1-2: Strikes out swinging
Batting: LHB Bill Hayden 0-0: Ball
1-0: Foul Ball, location: 3F
1-1: Hit by Pitch
Batting: LHB Ryan McCullough 0-0: Ball
1-0: Swinging Strike
1-1: Ball
2-1: Foul Ball, location: 25F
2-2: Foul Ball, location: 2F
2-2: Strikes out swinging
Bottom of the 3rd over - 0 runs, 1 hit, 0 errors, 2 left on base; Texas 6 - New York 0
TOP OF THE 4TH
Texas Rangers batting - Pitching for New York Yankees : RHP Curt Browning
Batting: LHB Scott Spencer 0-0: Called Strike
0-1: Swinging Strike
0-2: Ball
1-2: Foul Ball, location: 3DF
1-2: Strikes out swinging
Batting: SHB Luis Chavez 0-0: Ball
1-0: Called Strike
1-1: Foul Ball, location: 2F
1-2: Ball
2-2: Fly out, F8 (Flyball, 8RS, EV 81.3 MPH)
Batting: RHB Chris Patrick 0-0: Called Strike
0-1: Ball
1-1: SINGLE (Line Drive, 9LS, EV 95.0 MPH)
Batting: LHB Simeone DeVito 0-0: Called Strike
0-1: Swinging Strike
0-2: Ball
1-2: Fly out, F7 (Flyball, 7S, EV 96.3 MPH)
Top of the 4th over - 0 runs, 1 hit, 0 errors, 1 left on base; Texas 6 - New York 0
BOTTOM OF THE 4TH
New York Yankees batting - Pitching for Texas Rangers : RHP Danny Bagwell
Batting: RHB Cedric Tracy 0-0: Fly out, F9 (Flyball, 89M, EV 76.3 MPH)
Batting: RHB Carlos Jeronimo 0-0: Called Strike
0-1: Swinging Strike
0-2: Ball
1-2: Fly out, F6 (Line Drive, 6, EV 70.0 MPH)
Batting: RHB Aaron Comeaux 0-0: SINGLE (Line Drive, 56, EV 110.6 MPH)
Batting: RHB Robby Junker 0-0: Ball
1-0: Called Strike
1-1: Ball
2-1: Called Strike
2-2: SINGLE (Groundball, 4S, EV 88.8 MPH)
Aaron Comeaux to second
Runner from 2nd tries for 3rd, OUT! 8-5
Bottom of the 4th over - 0 runs, 2 hits, 0 errors, 1 left on base; Texas 6 - New York 0
TOP OF THE 5TH
Texas Rangers batting - Pitching for New York Yankees : RHP Curt Browning
Batting: RHB Kevin Hock 0-0: Ball
1-0: Ball
2-0: Foul Ball, location: 5F
2-1: Fly out, F7 (Flyball, 7, EV 98.8 MPH)
Batting: LHB Tyler Petry 0-0: Ball
1-0: Fly out, F3 (Popup, 3S, EV 77.5 MPH)
Batting: RHB Ryan Adkins 0-0: Ball
1-0: Foul Ball, location: 7LMF
1-1: DOUBLE (Line Drive, 89D, EV 100.6 MPH)
Batting: RHB Josh Mehl 0-0: Called Strike
0-1: Ball
1-1: Swinging Strike
1-2: Strikes out swinging
Top of the 5th over - 0 runs, 1 hit, 0 errors, 1 left on base; Texas 6 - New York 0
BOTTOM OF THE 5TH
New York Yankees batting - Pitching for Texas Rangers : RHP Danny Bagwell
Batting: LHB John Blair 0-0: Swinging Strike
0-1: Foul Ball, location: 2F
0-2: Ball
1-2: Foul Ball, location: 7LMF
1-2: Foul Ball, location: 7LMF
1-2: Foul Ball, location: 2F
1-2: Ground out 4-3 (Groundball, 4, EV 91.3 MPH)
Batting: SHB Seth Hardenbrook 0-0: Ball
1-0: Ball
2-0: Ball
3-0: Base on Balls
Batting: RHB Brandon Thomas 0-0: Called Strike
0-1: Swinging Strike
0-2: Ball
1-2: Ball
2-2: Fly out, F9 (Flyball, 89S, EV 78.1 MPH)
Batting: LHB Bill Hayden 0-0: Ball
1-0: Ball
2-0: Foul Ball, location: 2LF
2-1: Swinging Strike
2-2: Strikes out swinging
Bottom of the 5th over - 0 runs, 0 hits, 0 errors, 1 left on base; Texas 6 - New York 0
TOP OF THE 6TH
Texas Rangers batting - Pitching for New York Yankees : RHP Curt Browning
Pitching: RHP Luis Ramos
Batting: RHB Chris Daly 0-0: Ball
1-0: Ball
2-0: Fly out, F8 (Flyball, 78D, EV 97.5 MPH)
Batting: LHB Scott Spencer 0-0: Ball
1-0: Ball
2-0: Foul Ball, location: 3FF
2-1: Ground out U3 (Groundball, 34, EV 85.0 MPH)
Batting: SHB Luis Chavez 0-0: Called Strike
0-1: Ground out 6-3 (Groundball, 6, EV 90.6 MPH)
Top of the 6th over - 0 runs, 0 hits, 0 errors, 0 left on base; Texas 6 - New York 0
BOTTOM OF THE 6TH
New York Yankees batting - Pitching for Texas Rangers : RHP Danny Bagwell
Batting: LHB Ryan McCullough 0-0: Ball
1-0: Foul Ball, location: 9LSF
1-1: Foul Ball, location: 7LDF
1-2: Ball
2-2: Foul Ball, location: 2F
2-2: Ball
3-2: Fly out, F8 (Flyball, 8RS, EV 89.4 MPH)
Batting: RHB Cedric Tracy 0-0: Ball
1-0: Reached on error, E4 (Line Drive, 4, EV 72.5 MPH)
Batting: RHB Carlos Jeronimo 0-0: Ball
1-0: Called Strike
1-1: Fielders Choice at 2nd, 1-4 (Groundball, 15S, EV 66.3 MPH)
Pitching: RHP Antonio Jimenez
Batting: RHB Aaron Comeaux 0-0: Called Strike
0-1: Ball
1-1: Foul Ball, location: 3SF
1-2: TRIPLE (Flyball, 9D, EV 89.4 MPH)
Carlos Jeronimo scores
Batting: RHB Robby Junker 0-0: SINGLE (Flyball, 4D, EV 84.4 MPH)
Aaron Comeaux scores
Batting: LHB John Blair 0-0: Called Strike
0-1: Ball
1-1: Ball
2-1: Ground out 4-3 (Groundball, 4, EV 85.6 MPH)
Bottom of the 6th over - 2 runs, 2 hits, 1 error, 1 left on base; Texas 6 - New York 2
TOP OF THE 7TH
Texas Rangers batting - Pitching for New York Yankees : RHP Luis Ramos
Batting: RHB Chris Patrick 0-0: Ground out 6-3 (Groundball, 6, EV 110.0 MPH)
Batting: LHB Simeone DeVito 0-0: Called Strike
0-1: Ball
1-1: Swinging Strike
1-2: SINGLE (Groundball, 34, EV 88.8 MPH) (infield hit)
Batting: RHB Kevin Hock 0-0: Ball
1-0: Ball
2-0: Grounds into double play, 5-4-3 (Groundball, 56, EV 103.8 MPH)
Top of the 7th over - 0 runs, 1 hit, 0 errors, 0 left on base; Texas 6 - New York 2
BOTTOM OF THE 7TH
New York Yankees batting - Pitching for Texas Rangers : RHP Antonio Jimenez
Batting: SHB Seth Hardenbrook 0-0: Ball
1-0: Ball
2-0: SINGLE (Line Drive, 3D, EV 105.6 MPH)
Batting: RHB Brandon Thomas 0-0: Called Strike
0-1: Ball
1-1: Foul Ball, location: 9LSF
1-2: Foul Ball, location: 5FF
1-2: Ball
2-2: Ball
3-2: Foul Ball, location: 7LMFF
3-2: Foul Ball, location: 3FF
3-2: Base on Balls
Seth Hardenbrook to second
Pitching: RHP Victor Luna
Batting: LHB Bill Hayden 0-0: Swinging Strike
0-1: Ball
1-1: Swinging Strike
1-2: Foul Ball, location: 23FF
1-2: Strikes out looking
Batting: LHB Ryan McCullough 0-0: Ball
1-0: Called Strike
1-1: Foul Ball, location: 7LMF
1-2: Strikes out looking
Batting: RHB Cedric Tracy 0-0: Called Strike
0-1: Foul Ball, location: 7LDF
0-2: Fielders Choice at 2nd, 6-4 (Groundball, 6, EV 81.3 MPH)
Bottom of the 7th over - 0 runs, 1 hit, 0 errors, 2 left on base; Texas 6 - New York 2
TOP OF THE 8TH
Texas Rangers batting - Pitching for New York Yankees : RHP Luis Ramos
Pitching: LHP Brandon Moore
Batting: RHB Brian Ruble 0-0: Foul Ball, location: 3F
0-1: Swinging Strike
0-2: Ball
1-2: Foul Ball, location: 23F
1-2: Ball
2-2: Strikes out swinging
Batting: RHB Ryan Adkins 0-0: Ball
1-0: Foul Ball, location: 7LMF
1-1: Foul Ball, location: 5F
1-2: SINGLE (Line Drive, 4D, EV 99.4 MPH)
Batting: RHB Josh Mehl 0-0: Called Strike
0-1: Ground out 5-3 (Groundball, 56S, EV 60.6 MPH)
Ryan Adkins to second
Batting: RHB Chris Daly 0-0: Called Strike
Ryan Adkins is caught stealing 3rd base 2-5
Top of the 8th over - 0 runs, 1 hit, 0 errors, 0 left on base; Texas 6 - New York 2
BOTTOM OF THE 8TH
New York Yankees batting - Pitching for Texas Rangers : RHP Victor Luna
Batting: RHB Carlos Jeronimo 0-0: Ball
1-0: Called Strike
1-1: Ground out 6-3 (Groundball, 6, EV 78.1 MPH)
Batting: RHB Aaron Comeaux 0-0: Ball
1-0: Swinging Strike
1-1: Ball
2-1: Foul Ball, location: 5F
2-2: Foul Ball, location: 9LDF
2-2: Foul Ball, location: 2F
2-2: Ground out 4-3 (Groundball, 4, EV 99.4 MPH)
Batting: RHB Robby Junker 0-0: Ball
1-0: Swinging Strike
1-1: Ball
2-1: Ball
3-1: Called Strike
3-2: Ground out 4-3 (Groundball, 13, EV 86.3 MPH)
Bottom of the 8th over - 0 runs, 0 hits, 0 errors, 0 left on base; Texas 6 - New York 2
TOP OF THE 9TH
Texas Rangers batting - Pitching for New York Yankees : LHP Brandon Moore
Batting: RHB Chris Daly 0-0: Fly out, F8 (Flyball, 8LM, EV 83.1 MPH)
Batting: LHB Scott Spencer 0-0: Fly out, F6 (Popup, 6, EV 63.1 MPH)
Batting: SHB Luis Chavez 0-0: Foul Ball, location: 5SF
0-1: Ball
1-1: Ground out 4-3 (Groundball, 4S, EV 81.9 MPH)
Top of the 9th over - 0 runs, 0 hits, 0 errors, 0 left on base; Texas 6 - New York 2
BOTTOM OF THE 9TH
New York Yankees batting - Pitching for Texas Rangers : RHP Victor Luna
Pitching: RHP Kelyn Norlander
Batting: LHB John Blair 0-0: Called Strike
0-1: Ball
1-1: Swinging Strike
1-2: Ball
2-2: Strikes out swinging, 2-3 out at first.
Batting: SHB Seth Hardenbrook 0-0: Ball
1-0: Foul Ball, location: 3DF
1-1: Swinging Strike
1-2: Strikes out looking
Batting: RHB Brandon Thomas 0-0: Foul Ball, location: 2F
0-1: SINGLE (Groundball, 6M, EV 100.6 MPH) (infield hit)
Batting: LHB Bill Hayden 0-0: Foul Ball, location: 25FF
0-1: Called Strike
0-2: Strikes out swinging
Bottom of the 9th over - 0 runs, 1 hit, 0 errors, 1 left on base; Texas 6 - New York 2
Sunday, April 14th , 2024 - OOTP Baseball 24.11 Build 85